 Dungeon Crawl Stone Soup version 0.21-a0-243-g597973d (webtiles) character file.

24 RandomMack the Sneak (level 2, 0/14 HPs)
             Began as a Spriggan Assassin on Sept 4, 2017.
             Succumbed to an adder's poison
             ... on level 2 of the Dungeon.
             The game lasted 00:00:37 (194 turns).

RandomMack the Sneak (Spriggan Assassin)             Turns: 194, Time: 00:00:37

Health: 0/14       AC:  5    Str:  7    XL:     2   Next: 79%
Magic:  3/3        EV: 17    Int: 12    God:
Gold:   0          SH:  0    Dex: 17    Spells: 1/1 levels left

rFire    . . .     SeeInvis +   a - +2 dagger
rCold    . . .     Gourm    .   (shield restricted)
rNeg     . . .     Faith    .   c - +0 robe
rPois    +         Spirit   .   (helmet restricted)
rElec    .         Reflect  .   d - +0 cloak
rCorr    .         Harm     .   (gloves unavailable)
MR       .....                  (boots unavailable)
Stlth    ++++......             (no amulet)
HPRegen  0.04/turn              (no ring)
MPRegen  0.08/turn              (no ring)

@: lethally poisoned (0 -> -6), very quick
A: unfitting armour, iridescent scales 1, see invisible, herbivore 3, speed 3,
poison resistance, screaming 1, slow metabolism 2
a: no special abilities


You were on level 2 of the Dungeon.
You were not hungry.

You visited 1 branch of the dungeon, and saw 2 of its levels.

Inventory:

Hand Weapons
 a - a +2 dagger (weapon)
 b - a +0 blowgun
Missiles
 e - 8 poisoned needles
 f - 2 curare-tipped needles
Armour
 c - a +0 robe (worn)
 d - a +0 cloak (worn)
Scrolls
 i - a scroll of recharging {unknown}
 j - a scroll of remove curse {unknown}
 k - a scroll of identify {unknown}
Comestibles
 g - a bread ration {@e1}


   Skills:
 - Level 1.5 Fighting
 - Level 2.1 Short Blades
 - Level 2.0 Throwing
 - Level 1.5 Dodging
 + Level 7.3 Stealth


You had one spell level left.
You didn't know any spells.

Dungeon Overview and Level Annotations

Branches:
Dungeon (2/15)

Altars:


Innate Abilities, Weirdness & Mutations

You are very small and have problems with some larger weapons.
You are too small for most types of armour.
You have supernaturally acute eyesight. (SInv)
You are a herbivore.
You cover ground extremely quickly.
You need consume almost no food.
You are partially covered in iridescent scales. (AC +2)
Your system is resistant to poisons. (rPois)
You occasionally shout uncontrollably at your foes.


Message History

No target in view!
No target in view!
No target in view!
No target in view!
Things that are here:
a dagger; a goblin corpse
h - a glowing white potion You open the door.
There is an open door here.
A hobgoblin comes into view.
A hobgoblin is nearby!
A rat comes into view.
A kobold comes into view. It is wielding a club.
A bat comes into view.
The helpless hobgoblin fails to defend itself.
You impale the hobgoblin!!
You kill the hobgoblin!
The kobold throws a stone.
The stone barely misses you.
There are monsters nearby!
The kobold throws a stone.
The stone closely misses you.
You see here a stone.
You barely miss the rat. The rat misses you.
The kobold throws a stone.
The stone hits you but does no damage.
You hit the rat but do no damage. The rat barely misses you.
You hit the rat.
You kill the rat!
The bat closely misses you.
You hit the bat.
You kill the bat!
You miss the kobold. The kobold hits you with a club.
You take 3 damage, and have 7/10 hp.
MASSIVE DAMAGE!!
You barely miss the kobold. You miss the kobold.
The kobold completely misses you.
You hit the kobold.
You kill the kobold!
No target in view!
No target in view!
You see here a club.
Found a stone staircase leading down.
i - a scroll labeled QAFESA CUTAY You open the door.
There is an open door here.
There is a stone staircase leading down here.
You climb downwards.
There is a stone staircase leading up here.
j - a scroll labeled FUSUIMO HUEV
k - a scroll labeled YCWU LAKORPHO An adder and a hobgoblin come into view.
An adder comes into view.
An adder is nearby!
An adder is nearby!
The helpless adder fails to defend itself.
You skewer the adder like a kebab!!!
You kill the adder!
You have reached level 2!
You regained 3 hp, and now have 12/14 hp.
MP restored: 3 You see here 20 stones.
The adder is too close now for your liking.
An adder is nearby!
An adder is nearby!
The adder hisses angrily.
You miss the adder. The adder closely misses you.
You hit the adder. The adder bites you but does no damage.
You closely miss the adder. The adder bites you.
You are poisoned.
The adder poisons you!
You take 2 damage, and have 11/14 hp.
You barely miss the adder.
You feel sick. The adder misses you.
You take 1 damage, and have 10/14 hp.
You hit the adder. The adder misses you. x2
You hit the adder. The adder misses you.
You hit the adder.
You feel sick. The adder closely misses you.
You take 1 damage, and have 9/14 hp.
You barely miss the adder. The adder closely misses you.
You closely miss the adder. The adder bites you but does no damage.
You closely miss the adder. The adder bites you but does no damage.
The adder bites you.
You take 4 damage, and have 5/14 hp.
MASSIVE DAMAGE!!
You miss the adder.
You feel sick. The adder bites you but does no damage.
You take 1 damage, and have 4/14 hp.
You barely miss the adder. The adder bites you.
* * * LOW HITPOINT WARNING * * *
You take 3 damage, and have 1/14 hp.
MASSIVE DAMAGE!!
You hit the adder. The adder misses you.
You hit the adder.
You kill the adder!
Your Stealth skill increases to level 7!
It was a potion of mutation.
You feel extremely strange.
You feel the urge to shout.
Iridescent scales grow over part of your body.
You feel resistant to poisons.
There is a lethal amount of poison in your body!
Unknown command.
There is a lethal amount of poison in your body!
Unknown command.
You die...

### #.#
#..
#.#####
#.....# #
#.....##.g
#†.......
#@....#
#.....#
#.....#
#.##.##
#.##.#
#.##.#
#.##.#
#.##.#
#.##.#


There were no monsters in sight!

Vanquished Creatures
  2 adders (D:2)
  A goblin (D:1)
  A hobgoblin (D:1)
  2 bats (D:1)
  A kobold (D:1)
  A rat (D:1)
8 creatures vanquished.

Notes
Turn   | Place    | Note
-------+----------+-------------------------------------------
     0 | D:1      | RandomMack the Spriggan Assassin began the quest for the Orb.
     0 | D:1      | Reached XP level 1. HP: 10/10 MP: 2/2
    10 | D:1      | Reached skill level 6 in Stealth
   161 | D:2      | Reached XP level 2. HP: 12/14 MP: 3/3
   190 | D:2      | HP: 1/14 [adder (3)]
   192 | D:2      | Reached skill level 7 in Stealth
   193 | D:2      | Gained mutation: You occasionally shout uncontrollably at your foes. [potion of mutation]
   193 | D:2      | Gained mutation: You are partially covered in iridescent scales. (AC +2) [potion of mutation]
   193 | D:2      | Gained mutation: Your system is resistant to poisons. (rPois) [potion of mutation]
   194 | D:2      | Succumbed to an adder's poison

Vault maps used:
D:1:      dpeg_arrival_rhombi

Skill      XL: |  1  2 |
---------------+-------+-----
Stealth        | 6 7 |  7.3
Fighting       | |  1.5
Short Blades   | |  2.1
Throwing       | |  2.0
Dodging        | |  1.5

Action                   || total
-------------------------++-------
Melee: Dagger            ||    29
  Use: Potion            ||     1
 Stab: Sleeping          ||     2
Armor: Robe              ||     6
Dodge: Dodged            ||    18

Table legend:
 A = Spawn XP
 B = Non-spawn XP
 C = Spawn XP percentage of total XP
 D = Spawn monster count
 E = Non-spawn monster count
 F = Spawn count percentage of total count
 G = Total turns spent on level
                    A         B        C        D         E        F      G
               +---------+---------+-------+---------+---------+-------+---------
         Total |       0 |      35 |   0.0 |       0 |       8 |   0.0 |   194
               +---------+---------+-------+---------+---------+-------+---------
           D:1 |       0 |       9 |   0.0 |       0 |       6 |   0.0 |    74
           D:2 |       0 |      26 |   0.0 |       0 |       2 |   0.0 |   120
               +---------+---------+-------+---------+---------+-------+---------

Vault maps used:
D:1:      dpeg_arrival_rhombi

Table legend:
 A = Turns spent in this place as a percentage of turns spent in the entire game.
 B = Non-inter-level travel turns spent in this place as a percentage of non-inter-level travel turns spent in the entire game.
 C = Inter-level travel turns spent in this place as a percentage of turns spent in this place.
 D = Turns resting spent in this place as a percentage of non-inter-level travel turns spent in this place.
 E = Turns spent auto-exploring this place as a percentage of non-inter-level travel turns spent in this place.
 F = Non-inter-level travel turns spent in this place divided by the number of levels of this place that you've seen.
                   A       B       C       D       E      F
               +-------+-------+-------+-------+-------+----------------------
         Total | 100.0 | 100.0 |   3.6 |   0.0 |  38.0 |  93.5
       Dungeon | 100.0 | 100.0 |   3.6 |   0.0 |  38.0 |  93.5
               +-------+-------+-------+-------+-------+----------------------

Table legend:
 A = Kills in this place as a percentage of kills in entire the game.
 B = Kills by you in this place as a percentage of kills by you in the entire game.
 C = Kills by friends in this place as a percentage of kills by friends in the entire game.
 D = Other kills in this place as a percentage of other kills in the entire game.
 E = Experience gained in this place as a percentage of experience gained in the entire game.
 F = Experience gained in this place divided by the number of levels of this place that you have seen.
                   A       B       C       D       E      F
               +-------+-------+-------+-------+-------+----------------------
         Total | 100.0 | 100.0 |   N/A |   N/A | 100.0 |  17.5
       Dungeon | 100.0 | 100.0 |   N/A |   N/A | 100.0 |  17.5
               +-------+-------+-------+-------+-------+----------------------
